 Dungeon Crawl Stone Soup version 0.20.1-1-g8b1a95d (webtiles) character file.

29162 asishallab the Severer (level 13, 0/95 HPs)
             Began as a Minotaur Berserker on Dec 28, 2017.
             Was a High Priest of Trog.
             Slain by a skeletal warrior
             ... wielding a +0 trident
             ... led by a skeletal warrior
              (11 damage)
             ... on level 13 of the Dungeon.
             The game lasted 00:47:36 (16520 turns).

asishallab the Severer (Minotaur Berserker)        Turns: 16520, Time: 00:47:38

Health: 0/95       AC: 16    Str: 22    XL:     13   Next: 13%
Magic:  19/19      EV: 10    Int:  4    God:    Trog [*****.]
Gold:   468        SH: 17    Dex: 15    Spells: 12/12 levels left

rFire    . . .     SeeInvis .   a - +7 hand axe (venom)
rCold    . . .     Gourm    +   d - +0 large shield
rNeg     . . .     Faith    .   g - +0 plate armour
rPois    +         Spirit   .   n - +0 hat
rElec    .         Reflect  .   (no cloak)
rCorr    .         Harm     .   h - +0 pair of gloves
MR       ++...                  (no boots)
Stlth    ..........             o - amulet of the gourmand
Regen    1.0/turn               v - +4 ring of protection
MPRegen  0.2/turn               w - ring of poison resistance

@: berserk cooldown, regenerating, slowed, very slow
A: retaliatory headbutt, horns 2, inhibited regeneration, sturdy frame 1
a: Berserk, Trog's Hand, Brothers in Arms, Burn Spellbooks, Renounce Religion


You were on level 13 of the Dungeon.
You worshipped Trog.
Trog was extremely pleased with you.
You were very full.

You visited 1 branch of the dungeon, and saw 13 of its levels.

You collected 618 gold pieces.
You spent 150 gold pieces at shops.

Inventory:

Hand Weapons
 a - a +7 hand axe of venom (weapon)
 b - a +0 hunting sling
 A - a +0 mace
 P - a +3 war axe
 V - a +3 mace of protection
Missiles
 e - 348 stones
 M - 14 tomahawks
 Q - 4 javelins (quivered)
Armour
 d - a +0 large shield (worn)
 g - a +0 plate armour (worn)
 h - a +0 pair of gloves (worn)
 n - a +0 hat (worn)
Jewellery
 o - an amulet of the gourmand (around neck)
 t - an uncursed ring of fire
 v - a +4 ring of protection (left hand)
 w - a ring of poison resistance (right hand)
 L - an uncursed ring of ice
Wands
 j - a wand of random effects (16/48)
 q - a wand of scattershot (1/9)
 r - a wand of lightning (5/15)
 x - a wand of paralysis (16/24)
 C - a wand of random effects (25/48)
 G - a wand of lightning (9/15)
 O - a wand of random effects (30/48)
 R - a wand of flame (23/48)
 T - a wand of clouds (5/9)
 U - a wand of confusion (11/48)
Scrolls
 i - 2 scrolls of fog
 s - 4 scrolls of teleportation
 y - a scroll of recharging
 z - 3 scrolls of magic mapping
 B - a scroll of immolation
 H - a scroll of remove curse
 K - 2 scrolls of fear
Potions
 k - 2 potions of lignification
 l - 2 potions of heal wounds
 p - a potion of ambrosia
 u - 4 potions of curing
 E - a potion of resistance
 F - a potion of haste
 N - a potion of might
 S - a potion of flight
Miscellaneous
 J - a phantom mirror
Comestibles
 c - 8 bread rations
 f - 6 fruits
 m - 8 royal jellies
 D - 6 meat rations
 I - a chunk of flesh


   Skills:
 - Level 3.6 Fighting
 * Level 16.9 Axes
 - Level 2.4 Armour
 + Level 11.5 Dodging
 + Level 8.7 Shields
 * Level 10.3 Evocations


You had 12 spell levels left.
You didn't know any spells.

Dungeon Overview and Level Annotations

Branches:
Dungeon (13/15)            Temple (0/1) D:4            Lair (0/6) D:9
    Orc (0/2) D:9
 Vaults: D:13-14

Altars:
Ashenzari
Cheibriados
Dithmenos
Fedhas
Hepliaklqana
Kikubaaqudgha
Makhleb
Nemelex Xobeh
Okawaru
Qazlal
Sif Muna
Vehumet
Xom
Yredelemnul
Zin
The Shining One
Beogh

Shops:
D:8 *[(

Annotations:
D:8 1 runed door


Innate Abilities, Weirdness & Mutations

You reflexively headbutt those who attack you in melee.
You have a pair of horns on your head.
You do not regenerate when monsters are visible.
Your movements are slightly less encumbered by armour. (ER -2)


Message History

You block the skeletal warrior's attack. x2
The skeletal warrior hits you with a long sword.
The skeletal warrior hits you from afar with a halberd.
Your skin crawls.
You feel resistant to hostile enchantments.
You feel quite a bit less full.
The skeletal warrior hits you from afar with a trident!
* * * LOW HITPOINT WARNING * * *
You block the skeletal warrior's attack.
The skeletal warrior hits you but does no damage.
You block the skeletal warrior's attack.
The skeletal warrior closely misses you.
Your ogre goes berserk!
You feel somewhat less full.
You block the skeletal warrior's attack.
The skeletal warrior hits you with a long sword!
* * * LOW HITPOINT WARNING * * *
The skeletal warrior completely misses you.
The skeletal warrior hits you from afar with a trident!
You die...

#. . .## ##. ##.
....##..#..
..........#
..........
..[.#....#
.......#.#
......z#z#
#ozz@#####
.##.#.†.O..#
.....z##.##^#####
.........##.....#
..............##.#
.................##
...............#..#
..............#..#
.............#..#


You could see 5 skeletal warriors, an orc warrior and a friendly ogre (berserk).

Vanquished Creatures
  Snorg (D:11)
  Josephine (D:10)
  Fannar (D:10)
  Harold (D:11)
  A centaur warrior (D:9)
  Urug (D:11)
  6 two-headed ogres
  Sonja (D:11)
  A slime creature (D:12)
  An unseen horror (D:12)
  A wizard (D:9)
  Pikel (D:6)
  3 ugly things
  A cyclops (D:13)
  A gargoyle (D:12)
  2 freezing wraiths (D:12)
  A kobold demonologist (D:12)
  4 trolls
  Prince Ribbit (D:8)
  5 hippogriffs
  Sigmund (D:5)
  The ghost of tarantulino the Slicer, an amateur KoGl (D:4)
  3 wraiths
  A vampire (D:12)
  2 wyverns
  13 yaks
  2 hogs (D:8)
  A water elemental (D:12)
  A human (D:8)
  A steam dragon (D:10)
  3 vampire mosquitoes
  Menkaure (D:5)
  4 water moccasins
  2 acid dragons (D:12)
  2 hell hounds (D:9)
  6 ice beasts
  6 orc warriors
  5 sky beasts
  9 ogres
  A phantom (D:8)
  2 eyes of draining
  3 centaurs
  8 bullfrogs
  A big kobold (D:10)
  A water moccasin skeleton (D:8)
  A scorpion (D:9)
  9 wights
  25 killer bees
  6 electric eels (D:12)
  2 crimson imps (D:13)
  2 bullfrog zombies
  6 centaur zombies
  6 bullfrog skeletons
  5 hounds
  4 orc priests
  A gnoll shaman (D:6)
  2 centaur skeletons
  5 iguanas
  12 orc wizards
  11 worker ants
  2 hound zombies
  A hound skeleton (D:9)
  6 gnolls
  7 adders
  8 shadow imps
  An adder skeleton (D:5)
  4 worms (D:2)
  2 dart slugs (D:1)
  3 leopard geckos
  46 orcs
  3 ball pythons
  9 giant cockroaches
  6 goblins
  8 hobgoblins
  5 jackals (D:4)
  8 quokkas
  9 bats
  6 frilled lizards
  17 kobolds
  4 rats
  A plant (D:12)
368 creatures vanquished.

Vanquished Creatures (collateral kills)
  A death knight (D:12)
  The ghost of tarantulino the Fighter, a novice KoGl of Kikubaaqudgha (D:9)
  A skeletal warrior (D:12)
  A centaur skeleton (D:11)
  2 wraiths (D:10)
  A centaur (D:10)
  A wyvern skeleton (D:9)
8 creatures vanquished.

Vanquished Creatures (others)
  A slave (D:6)
  A crimson imp (D:12)
  A bullfrog zombie (D:6)
  An orc wizard (D:6)
  A leopard gecko (D:6)
  22 plants (D:12)
27 creatures vanquished.

Grand Total: 403 creatures vanquished

Notes
Turn   | Place    | Note
-------+----------+-------------------------------------------
     0 | D:1      | asishallab the Minotaur Berserker began the quest for the Orb.
     0 | D:1      | Reached XP level 1. HP: 19/19 MP: 0/0
   620 | D:1      | Reached XP level 2. HP: 26/26 MP: 1/1
   631 | D:1      | Reached skill level 4 in Axes
  1178 | D:2      | Reached XP level 3. HP: 31/31 MP: 2/2
  1193 | D:2      | Found a stormy altar of Qazlal.
  1206 | D:2      | Reached ** piety under Trog
  1229 | D:2      | Found a glowing golden altar of the Shining One.
  1653 | D:2      | Reached skill level 5 in Axes
  1909 | D:2      | Reached XP level 4. HP: 39/39 MP: 3/3
  2313 | D:3      | Found a basalt altar of Yredelemnul.
  2634 | D:3      | Found a deep blue altar of Sif Muna.
  2634 | D:3      | Found an ancient bone altar of Kikubaaqudgha.
  2639 | D:3      | Found a shimmering altar of Xom.
  2641 | D:3      | Found a hazy altar of Hepliaklqana.
  2643 | D:3      | Found a faded altar of an unknown god.
  2663 | D:3      | Found a shattered altar of Ashenzari.
  2744 | D:3      | Reached *** piety under Trog
  2951 | D:4      | Found a staircase to the Ecumenical Temple.
  2959 | D:4      | Noticed an ogre
  2963 | D:4      | Killed an ogre
  2963 | D:4      | Reached skill level 6 in Axes
  2963 | D:4      | Reached XP level 5. HP: 45/45 MP: 4/4
  3034 | D:4      | Noticed tarantulino's ghost (amateur KoGl)
  3048 | D:4      | Killed tarantulino's ghost
  3048 | D:4      | Reached skill level 7 in Axes
  3048 | D:4      | Reached XP level 6. HP: 25/51 MP: 5/5
  3389 | D:4      | Noticed an ice beast
  3399 | D:4      | Reached skill level 5 in Dodging
  3404 | D:4      | Killed an ice beast
  3404 | D:4      | Reached skill level 8 in Axes
  3404 | D:4      | Reached XP level 7. HP: 43/57 MP: 6/6
  3882 | D:5      | Entered Level 5 of the Dungeon
  3907 | D:5      | Found a snail-covered altar of Cheibriados.
  3912 | D:5      | Found a blossoming altar of Fedhas.
  3913 | D:5      | Found a burning altar of Makhleb.
  3914 | D:5      | Found a shadowy altar of Dithmenos.
  4351 | D:5      | Found a sparkling altar of Nemelex Xobeh.
  4474 | D:5      | Noticed Menkaure
  4483 | D:5      | Killed Menkaure
  4483 | D:5      | Reached skill level 9 in Axes
  4749 | D:5      | Noticed Sigmund
  4758 | D:5      | Killed Sigmund
  4758 | D:5      | Reached XP level 8. HP: 64/64 MP: 7/7
  5054 | D:6      | Reached skill level 10 in Axes
  5235 | D:6      | Reached skill level 11 in Axes
  5292 | D:6      | Found an iron altar of Okawaru.
  5355 | D:6      | Noticed Pikel
  5371 | D:6      | Killed Pikel
  5371 | D:6      | Reached skill level 12 in Axes
  5371 | D:6      | Reached XP level 9. HP: 54/70 MP: 8/8
  5629 | D:6      | Reached **** piety under Trog
  5732 | D:6      | Identified the Tome of Stolen Souls and Augmentations
  5983 | D:7      | Reached skill level 1 in Evocations
  6502 | D:7      | Gained mutation: You passively map a small area around you. [potion of mutation]
  6502 | D:7      | Gained mutation: You do not regenerate when monsters are visible. [potion of mutation]
  6502 | D:7      | Lost mutation: You passively map a small area around you. [potion of mutation]
  6502 | D:7      | Gained mutation: Your movements are slightly less encumbered by armour. (ER -2) [potion of mutation]
  7098 | D:8      | Reached skill level 1 in Shields
  7523 | D:8      | Noticed Prince Ribbit
  7533 | D:8      | Killed Prince Ribbit
  7533 | D:8      | Reached skill level 13 in Axes
  7741 | D:8      | Found Webouwn's Antique Weapon Shop.
  7867 | D:8      | Found Maytha Erro's Armour Shop.
  7908 | D:8      | Found a glowing silver altar of Zin.
  7908 | D:8      | Found a runed door.
  7908 | D:8      | Noticed an angel
  8016 | D:8      | Noticed a two-headed ogre
  8019 | D:8      | Noticed a two-headed ogre
  8026 | D:8      | Killed a two-headed ogre
  8026 | D:8      | Reached XP level 10. HP: 47/77 MP: 10/12
  8031 | D:8      | Killed a two-headed ogre
  8328 | D:8      | Found a sparkling altar of Nemelex Xobeh.
  8347 | D:8      | Reached skill level 5 in Evocations
  8634 | D:8      | Found a radiant altar of Vehumet.
  8657 | D:8      | Found Juehuxon's Assorted Antiques.
  8662 | D:8      | Bought a scroll of enchant weapon for 150 gold pieces
  8692 | D:8      | Reached skill level 14 in Axes
  9042 | D:9      | Found a staircase to the Lair.
  9263 | D:9      | Found a staircase to the Orcish Mines.
  9267 | D:9      | Noticed a two-headed ogre
  9286 | D:9      | Killed a two-headed ogre
  9286 | D:9      | Reached skill level 5 in Shields
  9286 | D:9      | Reached XP level 11. HP: 81/82 MP: 14/14
  9296 | D:9      | Reached ***** piety under Trog
  9299 | D:9      | Found a roughly hewn altar of Beogh.
 10339 | D:9      | Noticed tarantulino's ghost (novice KoGl)
 10360 | D:9      | Killed tarantulino's ghost
 10514 | D:9      | Reached skill level 10 in Dodging
 10775 | D:9      | Noticed a centaur warrior
 10787 | D:9      | Killed a centaur warrior
 10827 | D:9      | Noticed a two-headed ogre
 10834 | D:9      | Killed a two-headed ogre
 10834 | D:9      | Reached skill level 15 in Axes
 10836 | D:9      | Noticed a wizard
 10853 | D:9      | Killed a wizard
 11357 | D:10     | Entered Level 10 of the Dungeon
 11610 | D:10     | Noticed Josephine
 11629 | D:10     | Killed Josephine
 11648 | D:10     | Noticed a two-headed ogre
 11652 | D:10     | Killed a two-headed ogre
 11921 | D:10     | Reached XP level 12. HP: 78/90 MP: 17/17
 12139 | D:10     | Noticed Fannar
 12168 | D:10     | Killed Fannar
 12450 | D:11     | Noticed Snorg
 12452 | D:11     | Noticed Harold
 12465 | D:11     | Killed Snorg
 12476 | D:11     | Killed Harold
 12534 | D:11     | Noticed Urug
 12551 | D:11     | Killed Urug
 12551 | D:11     | Reached skill level 16 in Axes
 12819 | D:11     | Noticed Sonja
 12829 | D:11     | Killed Sonja
 14401 | D:12     | Noticed a death knight
 14426 | D:12     | Killed a death knight
 15215 | D:12     | Noticed a two-headed ogre
 15227 | D:12     | Killed a two-headed ogre
 15227 | D:12     | Reached skill level 10 in Evocations
 15912 | D:12     | Reached XP level 13. HP: 95/95 MP: 19/19
 16520 | D:13     | Slain by a skeletal warrior

Skill      XL: |  1  2  3  4  5  6  7  8  9 10 11 12 |
---------------+-------------------------------------+-----
Axes           | 4 5 6 7 8 9 12 13 14 15 16 | 16.9
Dodging        | 3 4 5 6 7 8 9 10 11 | 11.5
Evocations     | 4 6 8 10 | 10.3
Shields        | 3 5 7 8 |  8.7
Fighting       | |  3.6
Armour         | |  2.4

Action                   |  1- 3 |  4- 6 |  7- 9 | 10-12 | 13-15 || total
-------------------------+-------+-------+-------+-------+-------++-------
Melee: Hand axe          |   118 |    78 |   301 |   683 |    82 ||  1262
       Headbutt          |    12 |    22 |    61 |   169 |    19 ||   283
 Fire: Hunting sling     |    25 |     4 |       |       |       ||    29
Throw: Throwing net      |       |     1 |       |       |       ||     1
       Stone             |       |    11 |     7 |    12 |       ||    30
       Tomahawk          |       |       |     5 |     8 |       ||    13
       Javelin           |       |       |       |    17 |       ||    17
Invok: Berserk           |       |     3 |    10 |     8 |     1 ||    22
       Trog's Hand       |       |       |     2 |    10 |     2 ||    14
       Burn Spellbooks   |       |       |     1 |     2 |       ||     3
       Brothers in Arms  |       |       |       |     7 |     1 ||     8
  Use: Potion            |       |     4 |     5 |     3 |       ||    12
       Scroll            |       |     2 |    10 |     4 |       ||    16
  Eat: Chunk             |     3 |    18 |    25 |    42 |     4 ||    92
Armor: Plate armour      |    78 |    30 |    93 |   154 |    33 ||   388
       Animal skin       |     2 |       |       |       |       ||     2
Dodge: Dodged            |    59 |    14 |    33 |    96 |    11 ||   213
Block: Large shield      |       |    29 |   160 |   409 |    70 ||   668
